 Dungeon Crawl Stone Soup version 0.19.1 (webtiles) character file.

140 JeffiDaFish the Shield-Bearer (level 5, -1/33 HPs)
             Began as a Gargoyle Fighter on Dec 3, 2016.
             Slain by Grinder (2 damage)
             ... while paralysed by Grinder
             ... on level 3 of the Dungeon.
             The game lasted 00:04:39 (1555 turns).

JeffiDaFish the Shield-Bearer (Gargoyle Fighter)    Turns: 1555, Time: 00:04:40

Health: -1/33      AC: 12    Str: 24    XL:     5   Next: 23%
Magic:  5/5        EV:  2    Int:  9    God:
Gold:   126        SH:  0    Dex: 10    Spells: 0 memorised, 4 levels left

rFire  . . .     SeeInvis .     a - +0 flail
rCold  . . .     Gourm    .     b - +0 scale mail
rNeg   + . .     Faith    .     c - +0 shield
rPois  ∞         Spirit   .     m - +0 helmet
rElec  +         Reflect  .     (no cloak)
rCorr  .         Harm     .     (no gloves)
MR     .....                    (no boots)
Stlth  ..........               (no amulet)
                                (no ring)
                                e - +1 ring of evasion

@: paralysed, mighty
A: negative energy resistance 1, electricity resistance, unbreathing,
petrification resistance, rot immunity, AC +4
a: no special abilities


You were on level 3 of the Dungeon.
You were hungry.

You visited 1 branch of the dungeon, and saw 3 of its levels.

You collected 126 gold pieces.

Inventory:

Hand Weapons
 a - a +0 flail (weapon)
Armour
 b - a +0 scale mail (worn)
 c - a +0 shield (worn)
 m - a +0 helmet (worn)
Jewellery
 e - a +1 ring of evasion (left hand)
Wands
 j - a wand of teleportation (6/9)
Scrolls
 g - a scroll of teleportation
Comestibles
 f - a bread ration
 h - 2 meat rations
 i - a beef jerky


   Skills:
 + Level 3.8 Fighting
 + Level 3.2 Maces & Flails
 + Level 4.0 Armour
 + Level 0.5 Dodging
 + Level 0.5 Stealth
 + Level 4.4 Shields


You had 4 spell levels left.
You didn't know any spells.

Dungeon Overview and Level Annotations

Branches:
Dungeon (3/15)

Altars:
Dithmenos

Annotations:
D:3 Grinder


Innate Abilities, Weirdness & Mutations

You are resistant to torment.
Your stone body is resilient. (AC +4)
You are immune to poison.
You resist negative energy. (rN+)
You are resistant to electric shocks. (rElec)
You can survive without breathing.
You are immune to petrification.
You are immune to rotting.


Message History

* * * LOW HITPOINT WARNING * * *
You are too injured to fight recklessly!
You are too injured to fight recklessly!
There is a stone staircase leading up here.
Grinder hits you but does no damage.
You closely miss Grinder.
Grinder is heavily wounded.
You block Grinder's attack. Grinder gestures at you.
You suddenly lose the ability to move!
Grinder gestures at you. Pain shoots through your body!
* * * LOW HITPOINT WARNING * * *
Grinder gestures at you.
You shrug off the repeated paralysis!
Grinder hits you but does no damage. Grinder hits you.
* * * LOW HITPOINT WARNING * * *
You writhe in agony.
You die...

##########
#........#
#.######.# #.#
#.#
#########.####
#.#
......5@.<(..#
#.#
.########.##.#
#.# #.##.# #.#
#.##.# #.#
#.##.# #.#
#.##.###.#
#........#
####.##### #.#


You could see Grinder.

Vanquished Creatures
  Natasha (D:2)
  Robin (D:2)
  3 adders (D:2)
  A worm (D:2)
  2 dart slugs (D:1)
  3 leopard geckos (D:1)
  3 bats
  3 giant cockroaches
  16 goblins
  4 hobgoblins
  7 jackals
  A quokka (D:2)
  3 frilled lizards
  9 kobolds
  7 rats
64 creatures vanquished.

Notes
Turn   | Place    | Note
-------+----------+-------------------------------------------
     0 | D:1      | JeffiDaFish the Gargoyle Fighter began the quest for the Orb.
     0 | D:1      | Reached XP level 1. HP: 14/14 MP: 1/1
   125 | D:1      | Reached XP level 2. HP: 19/19 MP: 2/2
   260 | D:1      | Reached XP level 3. HP: 20/23 MP: 3/3
   591 | D:2      | Noticed Natasha
   605 | D:2      | Killed Natasha
   605 | D:2      | Reached XP level 4. HP: 6/29 MP: 4/4
  1066 | D:2      | Found a shadowy altar of Dithmenos.
  1134 | D:2      | Noticed Robin
  1152 | D:2      | Killed Robin
  1176 | D:2      | Reached XP level 5. HP: 33/33 MP: 5/5
  1505 | D:3      | Noticed Grinder
  1540 | D:3      | Paralysed by Grinder for 5 turns
  1551 | D:3      | Paralysed by Grinder for 6 turns
  1555 | D:3      | HP: 1/33 [Grinder (6)]
  1555 | D:3      | Slain by Grinder

Skill      XL: |  1  2  3  4  5 |
---------------+----------------+-----
Shields        | 4 |  4.4
Maces & Flails | 3 |  3.2
Armour         | 4 |  4.0
Fighting       | |  3.8
Dodging        | |  0.5
Stealth        | |  0.5

Action                   |  1- 3 |  4- 6 || total
-------------------------+-------+-------++-------
Melee: Flail             |   116 |   146 ||   262
  Use: Scroll            |     4 |     3 ||     7
       Potion            |     1 |     3 ||     4
  Eat: Chunk             |       |     2 ||     2
Armor: Scale mail        |    63 |    71 ||   134
Dodge: Dodged            |    37 |    51 ||    88
Block: Shield            |    71 |    87 ||   158
